 Dungeon Crawl Stone Soup version 0.25-a0-577-ga4619f409e (webtiles) character file.

Game seed: 11980977993874015031, levelgen mode: deterministic

87 Flugslaktarn the Skirmisher (level 4, -1/40 HPs)
             Began as a Minotaur Fighter on Mar 2, 2020.
             Was an Initiate of Cheibriados.
             Slain by a hornet (13 damage)
             ... on level 3 of the Dungeon.
             The game lasted 00:00:26 (524 turns).

Flugslaktarn the Skirmisher (Minotaur Fighter)       Turns: 524, Time: 00:00:27

Health: -1/40      AC:  7    Str: 22    XL:     4   Next: 28%
Magic:  3/3        EV:  7    Int:  6    God:    Cheibriados [......]
Gold:   16         SH:  9    Dex: 11    Spells: 3/3 levels left

rFire    . . .     SeeInvis .   a - +0 war axe
rCold    . . .     Gourm    .   c - +0 kite shield
rNeg     . . .     Faith    .   b - +0 scale mail
rPois    .         Spirit   .   (helmet restricted)
rElec    .         Reflect  .   (no cloak)
rCorr    .         Harm     .   (no gloves)
MR       .....                  (no boots)
Stlth    ..........             (no amulet)
HPRegen  0.13/turn              (no ring)
MPRegen  0.08/turn              (no ring)

@: lethally poisoned (-1 -> -9), slowed, very slow
A: retaliatory headbutt, horns 2
a: Bend Time, Renounce Religion


You were on level 3 of the Dungeon.
You worshipped Cheibriados.
Cheibriados was noncommittal.
You were not hungry.

You visited 1 branch of the dungeon, and saw 3 of its levels.

You collected 16 gold pieces.

Inventory:

Hand Weapons
 a - a +0 war axe (weapon)
Armour
 b - a +0 scale mail (worn)
 c - a +0 kite shield (worn)
Scrolls
 h - a scroll of identify {unknown}
 i - a scroll of remove curse {unknown}
Potions
 d - a potion of might
 f - a potion of heal wounds {unknown}
 g - a potion of magic {unknown}
Comestibles
 e - a ration
 j - 3 chunks of flesh


   Skills:
 + Level 4.2 Fighting
 * Level 3.9 Axes
 + Level 4.2 Armour
 + Level 4.2 Shields
 + Level 0.0 Invocations


You had 3 spell levels left.
You didn't know any spells.
Your spell library was empty.

Dungeon Overview and Level Annotations

Branches:
Dungeon (3/15)

Altars:
Cheibriados
Trog


Innate Abilities, Weirdness & Mutations

You reflexively headbutt those who attack you in melee.
You have a pair of horns on your head.


Message History

Your shield and scale mail prevent you from hitting the hornet.
You headbutt the hornet.
The hornet is lightly wounded.
You block the hornet's attack. The hornet barely misses you.
You hit the hornet. Your headbutt misses the hornet.
The hornet is moderately wounded.
The hornet stings you!
You are poisoned.
You feel yourself slow down. The hornet stings you.
You feel as though you will be slow longer.
You slash the hornet!
The hornet is heavily wounded.
You feel very sick. The hornet stings you.
You feel as though you will be slow longer.
The hornet stings you!
* * * LOW HITPOINT WARNING * * *
You feel as though you will be slow longer.
The hornet stings you!
You die...

#. . #########.## #.
....#####(.........# #.
......y@..# #..# #.
....#####.# #..# #. .
#.# #..# #.
.#######.##### #..# #.
.............###..# #.
..######.#.#......####.
.............####......
#.######.##...###.)####
#...........####


You could see a hornet.

Vanquished Creatures
  An orc wizard (D:3)
  An orc priest (D:3)
  Robin (D:2)
  An orc (D:3)
  5 goblins (D:2)
  2 hobgoblins
  A kobold (D:3)
  4 bats
  A rat (D:2)
17 creatures vanquished.

Vanquished Creatures (others)
  A giant cockroach (D:2)
1 creature vanquished.

Grand Total: 18 creatures vanquished

Notes
Turn   | Place    | Note
-------+----------+-------------------------------------------
     0 | D:1      | Flugslaktarn the Minotaur Fighter began the quest for the
                  | Orb.
     0 | D:1      | Reached XP level 1. HP: 19/19 MP: 0/0
   132 | D:2      | Noticed Robin
   139 | D:2      | Killed Robin
   139 | D:2      | Reached XP level 2. HP: 25/27 MP: 1/1
   258 | D:3      | Found a snail-covered altar of Cheibriados.
   258 | D:3      | Found a bloodstained altar of Trog.
   297 | D:3      | Reached XP level 3. HP: 14/33 MP: 2/2
   315 | D:3      | Reached XP level 4. HP: 19/40 MP: 3/3
   336 | D:3      | Became a worshipper of Cheibriados the Contemplative
   520 | D:3      | Noticed a hornet
   524 | D:3      | Slain by a hornet

Levels and vault maps discovered:
D:1:      dpeg_arrival_central, layout_basic, dk_noncrumbling_3,
          serial_bayou_pond_e
D:2:      layout_basic, grunt_temple_overflow_order_and_chaos_1,
          lemuel_coloured_pillars_altar, hangedman_feature_mirror, uniq_robin
D:3:      layout_loops_ring, gammafunk_temple_overflow_wave,
          minmay_close_crescents

Skill      XL: |  1  2 |
---------------+-------+-----
Axes           | 3 |  3.9
Fighting       | 4 |  4.2
Armour         | 4 |  4.2
Shields        | 4 |  4.2

Action                   |  1- 3 |  4- 6 || total
-------------------------+-------+-------++-------
Melee: War axe           |    37 |     3 ||    40
       Headbutt          |     7 |     1 ||     8
Armor: Scale mail        |    16 |       ||    16
Dodge: Dodged            |     7 |     1 ||     8
Block: Kite shield       |    18 |     1 ||    19

Table legend:
 A = Non-vault XP
 B = Vault XP
 C = Vault XP percentage of total XP
 D = Non-vault monster count
 E = Vault monster count
 F = Vault count percentage of total count
                 A         B        C        D         E       F
            +---------+---------+-------+---------+---------+-------
      Total |     100 |      25 |  20.0 |      11 |       6 |  35.3
            +---------+---------+-------+---------+---------+-------
        D:1 |       3 |       0 |   0.0 |       2 |       0 |   0.0
        D:2 |       5 |      25 |  83.3 |       3 |       6 |  66.7
        D:3 |      92 |       0 |   0.0 |       6 |       0 |   0.0
            +---------+---------+-------+---------+---------+-------
